 Dungeon Crawl Stone Soup version 0.31-a0-1093-gadecf4124d (webtiles) character file.

Game seed: 3966472370116945286

5168 Ivernyr the Cruncher (level 10, -2/80 HPs)
             Began as a Formicid Fighter on Nov 29, 2023.
             Slain by a two-headed ogre
             ... wielding a +0 giant club
              (24 damage)
             ... on level 8 of the Dungeon.
             The game lasted 00:20:10 (7200 turns).

Ivernyr the Cruncher (Formicid Fighter)             Turns: 7200, Time: 00:20:11

Health: -2/80      AC:  9    Str: 25 (26) XL:     10   Next: 90%
Magic:  10/10      EV: 10    Int:  4 (7)  God:
Gold:   516        SH:  7    Dex: 18 (19) Spells: 9/9 levels left

rFire   + + .        a - +4 quarterstaff (chaos)
rCold   . . .        c - +0 buckler
rNeg    . . .        b - +1 ring mail of Spite {rF++ rCorr Stlth-}
rPois   .            (helmet unavailable)
rElec   .            r - +0 cloak
rCorr   +            (no gloves)
SInv    +            (no boots)
Will    ++...        g - amulet of regeneration Stlth
                     h - ring of resist corrosion
HPRegen 1.13/turn    l - +6 ring of dexterity
MPRegen 0.12/turn

%: no passive effects
@: attractive, enlightened, flying
A: permanent stasis, dig shafts and tunnels, antennae 3, four strong arms
a: Dig, Shaft Self


You were on level 8 of the Dungeon.
You visited 2 branches of the dungeon, and saw 9 of its levels.

You collected 516 gold pieces.

Inventory:

Hand Weapons
 a - a +4 quarterstaff of chaos (weapon)
Missiles
 j - 4 throwing nets
Armour
 b - the +1 ring mail of Spite (worn) {rF++ rCorr Stlth-}
   (You found it on level 3 of the Dungeon)

   rF++:      It greatly protects you from fire.
   rCorr:     It protects you from acid and corrosion.
   Stlth-:    It makes you less stealthy.
 c - a +0 buckler (worn)
 r - a +0 cloak (worn)
Jewellery
 g - an amulet of regeneration (around neck)
 h - a ring of resist corrosion (left hand)
 l - a +6 ring of dexterity (right hand)
 z - a ring of protection from cold
Wands
 y - a wand of polymorph (8)
 C - a wand of mindburst (13)
 F - a wand of iceblast (9)
Scrolls
 d - 4 scrolls of fog {unknown}
 f - 8 scrolls of identify {unknown}
 i - a scroll of silence {unknown}
 m - 7 scrolls of blinking {unknown}
 p - a scroll of enchant weapon {unknown}
 s - 2 scrolls of amnesia {unknown}
 t - a scroll of butterflies {unknown}
 u - 2 scrolls of enchant armour {unknown}
 A - 2 scrolls of brand weapon {unknown}
 B - 2 scrolls of poison {unknown}
Potions
 e - a potion of degeneration
 k - 2 potions of enlightenment
 n - 2 potions of mutation {unknown}
 o - a potion of ambrosia {unknown}
 q - a potion of attraction
 v - a potion of haste {unknown}
 w - a potion of might
 x - a potion of invisibility {unknown}
 D - a potion of resistance {unknown}
 E - a potion of curing {unknown}


   Skills:
 + Level 8.2 Fighting
 * Level 10.0 Staves
 + Level 8.2 Armour
 + Level 9.9 Shields


You had 9 spell levels left.
You didn't know any spells.
Your spell library contained the following spells:

 Spells                   Type           Power      Damage    Failure   Level
 Ensorcelled Hibernation  Hex/Ice        0%         N/A       80%         2
 Jinxbite                 Hex            0%         N/A       80%         2
 Anguish                  Hex/Necr       0%         N/A       100%        4


Dungeon Overview and Level Annotations

Branches:
Dungeon (8/15)             Temple (1/1) D:5
   Lair: D:8-11

Altars:
Ashenzari
Cheibriados
Dithmenos
Elyvilon
Fedhas
Gozag
Hepliaklqana
Kikubaaqudgha
Makhleb
Nemelex Xobeh
Okawaru
Qazlal
Ru
Sif Muna
Trog
Uskayaw
Vehumet
Wu Jian
Xom
Yredelemnul
Zin
The Shining One
Lugonu

Shops:
D:4 !

Annotations:
Abyss:1 Grum


Innate Abilities, Weirdness & Mutations

You cannot be hasted, slowed, berserked, paralysed or teleported.
You can dig through walls and to a lower floor.
You have a pair of large antennae on your head. (SInv)
Your four strong arms can wield two-handed weapons with a shield.


Message History

The centaur is moderately wounded.
You block the centaur's attack.
The centaur kicks you but does no damage.
You hit the centaur. Lightning courses through the centaur!
You kill the centaur!
Things that are here:
a +0 orcbow; a centaur corpse
Things that are here:
a +0 orcbow; a centaur corpse Done exploring.
Done exploring.
Done exploring.
What level of the Dungeon? (default 8, ? - help)
Items here: (( )))).
Things that are here:
a +0 dagger; a +0 short sword; 3 stones The two-headed ogre shouts in stereo!
It was a potion of degeneration.
There was something very wrong with that liquid.
You feel weakened.
You feel dopey.
You feel clumsy.
It was a potion of enlightenment.
You feel very buoyant.
You fly up into the air.
It was a potion of attraction.
You feel attractive to monsters.
The two-headed ogre is attracted toward you.
You hit the two-headed ogre.
The two-headed ogre seems to grow stronger.
The two-headed ogre is lightly wounded.
The two-headed ogre closely misses you. The two-headed ogre barely misses you.
You completely miss the two-headed ogre.
The two-headed ogre is lightly wounded.
You barely miss the two-headed ogre.
The two-headed ogre is lightly wounded.
The two-headed ogre hits you with a +0 giant club!!
The two-headed ogre barely misses you.
The two-headed ogre hits you with a +0 giant club!!
* * * LOW HITPOINT WARNING * * *
The two-headed ogre hits you with a +0 giant club!!
You die...

##.#......#####..#####
#.#......'..........#
##.#......####.#.###.#
...#.##.### ##.#.# #.#
#..#.##.# #....# #.#
#....##.#####))### #.#
.....##.##...))# #.#
.....##.##.###.#####.#
.....##........O@....#
......#.......########
...#..#.......#
...#..#.......#
...#....##.####
...##...#..#################
...+.<..>........#..[..))).#
...#############.#.#######)#
...........# #.#.#.....#.#


You could see a two-headed ogre (strong).

Vanquished Creatures
  A two-headed ogre (D:4)
  Sigmund (D:3)
  A steam dragon (D:8)
  A water moccasin (D:6)
  2 orc warriors
  An ice beast (D:8)
  2 black bears
  3 ogres
  2 wolves
  3 centaurs
  A centaur (shapeshifter) (D:8)
  3 phantoms
  A bullfrog (D:8)
  A kobold brigand (D:8)
  A gnoll sergeant (D:8)
  9 scorpions
  5 wights (D:8)
  2 howler monkeys (D:5)
  4 jellies
  5 hounds
  3 gnoll boudas
  Crazy Yiuf (D:3)
  4 orc priests
  A sleepcap (D:5)
  Natasha (thrice) (D:2)
  3 iguanas
  8 orc wizards
  Robin (D:3)
  39 gnolls
  8 adders
  A shadow imp (D:7)
  A white imp (D:7)
  6 ufetubi
  A dart slug (D:5)
  57 orcs
  7 endoplasms
  6 giant cockroaches
  14 goblins
  11 hobgoblins
  19 jackals
  12 kobolds
  4 quokkas
  5 ball pythons
  5 bats (D:1)
  3 frilled lizards
  5 rats
277 creatures vanquished.

Notes
Turn   | Place    | Note
-------+----------+-------------------------------------------
     0 | D:1      | Ivernyr the Formicid Fighter began the quest for the Orb.
     0 | D:1      | Reached XP level 1. HP: 18/18 MP: 1/1
   120 | D:1      | Reached XP level 2. HP: 23/24 MP: 2/2
   584 | D:1      | Reached XP level 3. HP: 29/29 MP: 3/3
   959 | D:2      | Reached skill level 3 in Staves
   959 | D:2      | Reached XP level 4. HP: 32/37 MP: 4/4
  1032 | D:2      | Noticed Natasha
  1039 | D:2      | Killed Natasha
  1045 | D:2      | Identified the +6 dagger of Uteic {freeze, Dex+3}
  1090 | D:2      | Reached XP level 5. HP: 42/42 MP: 5/5
  1090 | D:2      | Noticed Natasha
  1130 | D:2      | Killed Natasha
  1157 | D:2      | Noticed Natasha
  1172 | D:2      | Killed Natasha
  1712 | D:3      | Reached skill level 5 in Shields
  1717 | D:3      | Identified the +1 ring mail of Spite {rF++ rCorr Stlth-}
  1748 | D:3      | Noticed Sigmund
  1766 | D:3      | Killed Sigmund
  1767 | D:3      | Reached skill level 4 in Staves
  1767 | D:3      | Reached XP level 6. HP: 36/49 MP: 6/6
  2102 | D:3      | Noticed Robin
  2109 | D:3      | Reached XP level 7. HP: 55/55 MP: 7/7
  2135 | D:3      | Killed Robin
  2373 | D:3      | Found a runed translucent door.
  2374 | D:3      | Noticed Crazy Yiuf
  2520 | D:3      | Killed Crazy Yiuf
  2614 | D:4      | Found Yceag's Distillery.
  2693 | D:4      | Reached skill level 5 in Staves
  2740 | D:4      | Reached skill level 5 in Fighting
  2740 | D:4      | Reached skill level 5 in Armour
  2816 | D:4      | Reached XP level 8. HP: 62/62 MP: 8/8
  3068 | D:4      | Reached skill level 6 in Staves
  3683 | D:4      | Reached XP level 9. HP: 69/69 MP: 9/9
  3697 | D:4      | Noticed a two-headed ogre
  3703 | D:4      | Killed a two-headed ogre
  3704 | D:4      | Reached skill level 7 in Staves
  4209 | D:5      | Entered Level 5 of the Dungeon
  4385 | D:5      | Reached skill level 8 in Staves
  4597 | D:5      | Found a stormy altar of Qazlal.
  4668 | D:5      | Found a snail-covered altar of Cheibriados.
  4719 | D:5      | Found a staircase to the Ecumenical Temple.
  4777 | Temple   | Entered the Ecumenical Temple
  4972 | D:6      | Reached XP level 10. HP: 79/79 MP: 10/10
  4995 | D:6      | Identified the +2 leather armour of Understanding {MP-9
                  | Int+3 Dex+5}
  5300 | D:6      | Reached skill level 9 in Staves
  5492 | D:7      | Found a burning altar of Makhleb.
  5758 | D:7      | Found an ancient bone altar of Kikubaaqudgha.
  6227 | D:7      | Found a glowing golden altar of the Shining One.
  6228 | D:7      | Found a radiant altar of Vehumet.
  6228 | D:7      | Found a broken altar of Ashenzari.
  6228 | D:7      | Found a shadowy altar of Dithmenos.
  6230 | D:7      | Found a white marble altar of Elyvilon.
  6232 | D:7      | Found a basalt altar of Yredelemnul.
  6233 | D:7      | Found a hide-covered altar of Uskayaw.
  6271 | D:8      | Noticed a two-headed ogre
  6271 | D:8      | Noticed Grum
  6421 | D:8      | Banished Grum
  6794 | D:8      | Found an ornate altar of the Wu Jian Council.
  6942 | D:8      | Found a sacrificial altar of Ru.
  7063 | D:8      | Reached skill level 10 in Staves
  7200 | D:8      | Slain by a two-headed ogre

Illustrated notes

Levels and vault maps discovered:
D:1:      minmay_arrival_open_corners, layout_loops_corners
D:2:      layout_basic, grunt_ministairs_13, uniq_natasha
D:3:      layout_basic, serial_bayou_lake_a, uniq_sigmund,
          uniq_crazy_yiuf_cottage, uniq_robin
D:4:      lemuel_castle_with_subvaults [lemuel_castle_interior_original],
          layout_loops_corners, nicolae_take_the_stairs, corexii_shack,
          kennysheep_small_circle
D:5:      layout_basic, mainiacjoe_overflow_catch_the_wave,
          minmay_temple_entry_statues
D:6:      layout_rooms
D:7:      layout_basic, bloody_makhleb, minitemple
D:8:      layout_basic, nicolae_overflow_hidden_temple,
          nicolae_ru_sacrificial_ziggurat, uniq_grum
Temple:   corrupted_temple

Skill      XL: |  1  2  3  4  5  6  7  8  9 10 |
---------------+-------------------------------+-----
Staves         | 3 4 5 6 8 10 | 10.0
Fighting       | 4 5 6 7 8 |  8.2
Armour         | 4 5 6 7 8 |  8.2
Shields        | 5 6 7 8 9 |  9.9

Action                     |  1- 3 |  4- 6 |  7- 9 | 10-12 || total
---------------------------+-------+-------+-------+-------++-------
  Melee: Quarterstaff      |    77 |   124 |   362 |   202 ||   765
Ability: Dig               |       |       |     1 |       ||     1
         Shaft Self        |       |       |       |     1 ||     1
    Use: Potion            |       |       |     1 |     3 ||     4
   Stab: Paralysed         |       |       |     3 |       ||     3
 Armour: Scale mail        |    52 |    67 |       |       ||   119
         Ring mail         |       |    29 |   205 |   140 ||   374
  Dodge: Dodged            |    30 |    47 |   164 |    85 ||   326
  Block: Buckler           |    19 |    34 |   137 |    74 ||   264

Table legend: (Time is in decaauts)
 A = Elapsed time spent in this place.
 B = Non-inter-level travel time spent in this place.
 C = Inter-level travel time spent in this place.
 D = Time resting spent in this place.
 E = Time spent auto-exploring this place.
 F = Levels seen in this place.
 G = Mean time per level.
                   A        B        C        D        E       F      G
               +--------+--------+--------+--------+--------+-----+--------+
         Total |   7221 |   7013 |    208 |    376 |   4569 |   9 |  802.3 |
       Dungeon |   7213 |   7005 |    208 |    376 |   4569 |   8 |  901.6 |
        Temple |      7 |      7 |      0 |      0 |      0 |   1 |    7.0 |
               +--------+--------+--------+--------+--------+-----+--------+

Top non-repeatable levels by time:
     D:4: 1620 daAuts
     D:3: 924 daAuts
     D:1: 923 daAuts
     D:8: 868 daAuts
     D:7: 817 daAuts
     D:2: 799 daAuts
     D:5: 736 daAuts
     D:6: 523 daAuts
  Temple: 7 daAuts
